Map: Thunderbird LE

Players

Serral - Winner!

  • Race: Zerg Zerg
  • League: Master
  • Spawn Location: 5:00

MarineLorD

  • Race: Terran Terran
  • League: Master
  • Spawn Location: 11:00

Event: HomeStory Cup XX

VOD

Have the link to the VOD?

Description

Time

  • Played on: Nov. 22, 2019, 10:47 a.m.
  • Length: 14:12

All games in this series

Show
View Real Time Build Order
Export as new Build Order

Serral Zerg - Winner!

Build Orders: Hatch First, Brood Lord Corruptor 

Get SALT Encoding   

  12  0:00  Drone  
  13  0:10  Drone  
  14  0:16  Overlord  
  14  0:24  Extractor, Drone  
  16  0:35  Drone  
  16  0:48  Hatchery  
  15  0:51  Drone  
  15  0:54  Drone  
  17  0:58  Drone  
  18  1:08  Extractor  
  17  1:12  Spawning Pool  
  17  1:16  Drone  
  17  1:19  Drone  
  18  1:27  Drone  
  19  1:37  Drone  
  20  1:52  Overlord  
  20  1:59  Queen x2  
  20  2:00  Zergling x4  
  26  2:11  Drone x2  
  26  2:12  Metabolic Boost  
  28  2:20  Drone  
  29  2:27  Extractor  
  29  2:29  Drone  
  29  2:31  Drone  
  29  2:35  Queen, Overlord  
  32  2:45  Drone x2  
  35  2:57  Drone x2  
  36  3:02  Hatchery  
  36  3:05  Pneumatized Carapace  
  35  3:10  Drone  
  36  3:13  Drone x2  
  36  3:14  Drone  
  36  3:18  Overlord  
  39  3:21  Drone  
  39  3:26  Queen  
  42  3:29  Drone  
  42  3:32  Drone  
  44  3:37  Overlord  
  44  3:39  Drone  
  44  3:41  Drone x2  
  47  3:45  Drone x2  
  47  3:46  Drone  
  47  3:47  Drone  
  51  3:52  Overlord  
  51  3:53  Zergling x2  
  53  3:55  Zergling x2  
  53  4:02  Queen  
  55  4:04  Zergling x2  
  55  4:07  Drone  
  57  4:14  Queen  
  57  4:16  Zergling x2  
  60  4:17  Lair  
  60  4:18  Drone x2  
  60  4:21  Drone x3  
  65  4:27  Roach Warren  
  65  4:29  Zergling x2  
  65  4:30  Drone x2  
  67  4:33  Drone x3  
  67  4:36  Drone  
  67  4:37  Drone  
  72  4:41  Extractor x2  
  72  4:45  Drone  
  71  4:46  Queen  
  71  4:50  Overlord  
  71  4:51  Drone  
  74  4:54  Overlord  
  74  4:59  Spore Crawler  
  73  5:00  Queen  
  73  5:01  Spore Crawler x2  
  73  5:08  Roach x4  
  73  5:10  Overlord  
  73  5:13  Drone x3  
  84  5:16  Overseer  
  84  5:17  Drone  
  85  5:24  Spire  
  85  5:25  Drone x3  
  85  5:27  Drone x2  
  89  5:29  Drone  
  89  5:32  Drone x2  
  89  5:33  Drone  
  89  5:34  Drone  
  94  5:35  Overseer  
  94  5:36  Drone  
  94  5:38  Drone  
  94  5:40  Extractor  
  95  5:45  Roach  
  95  5:46  Drone x2  
  95  5:48  Drone  
  98  5:50  Overlord x2  
  98  6:00  Extractor  
  98  6:01  Extractor  
  98  6:04  Roach  
  96  6:05  Drone x2  
  96  6:10  Drone x6  
  96  6:11  Drone  
  105  6:17  Overlord  
  105  6:18  Drone x2  
  105  6:19  Drone  
  105  6:23  Hatchery, Overlord  
  105  6:25  Overlord  
  107  6:31  Evolution Chamber  
  107  6:32  Evolution Chamber  
  105  6:36  Roach x3  
  105  6:38  Drone x2  
  113  6:40  Overlord  
  113  6:46  Overlord  
  113  6:47  Corruptor  
  113  6:48  Corruptor  
  113  6:54  Zerg Flyer Weapons Level 1  
  117  6:55  Corruptor  
  117  6:56  Corruptor  
  121  7:06  Zerg Melee Weapons Level 1, Zerg Missile Weapons Level 1, Corruptor  
  123  7:08  Infestation Pit  
  122  7:17  Baneling Nest  
  122  7:22  Extractor, Corruptor x2  
  120  7:26  Glial Reconstitution, Drone x11  
  120  7:27  Extractor  
  134  7:30  Overlord x3  
  134  7:34  Overlord  
  134  7:38  Drone x5  
  134  7:40  Overlord  
  139  7:46  Hive  
  139  7:53  Overlord x2  
  139  7:55  Corruptor  
  139  7:58  Corruptor  
  143  7:59  Hatchery  
  143  8:00  Corruptor  
  144  8:07  Corruptor  
  144  8:08  Corruptor  
  144  8:10  Drone x2  
  144  8:11  Zergling x2, Roach x2  
  153  8:16  Overlord x2  
  153  8:18  Corruptor  
  151  8:25  Drone x2  
  151  8:27  Drone x3  
  151  8:29  Drone  
  155  8:36  Overlord  
  155  8:40  Zergling x16, Roach x4  
  169  8:45  Extractor x2  
  169  8:47  Ravager x3  
  169  8:48  Ravager  
  171  8:51  Drone x2  
  173  8:58  Overlord  
  173  8:59  Overseer  
  173  9:01  Greater Spire  
  173  9:02  Zerg Melee Weapons Level 2  
  173  9:03  Zerg Ground Armor Level 1  
  173  9:11  Hatchery  
  173  9:14  Centrifical Hooks  
  173  9:16  Roach x2  
  175  9:20  Spore Crawler  
  175  9:22  Drone x2, Spine Crawler  
  175  9:23  Spine Crawler  
  174  9:33  Corruptor x2  
  174  9:36  Viper x2  
  180  9:51  Baneling x5  
  175  10:05  Extractor x2  
  173  10:17  Brood Lord  
  173  10:18  Brood Lord x7  
  173  10:21  Brood Lord  
  193  10:28  Brood Lord  
  193  10:32  Brood Lord  
  195  10:38  Zerg Flyer Weapons Level 2  
  195  10:40  Corruptor  
  197  10:43  Spine Crawler  
  197  10:45  Spine Crawler  
  197  10:48  Spore Crawler  
  194  10:53  Corruptor x3  
  199  11:06  Corruptor  
  197  11:13  Spore Crawler x2, Spine Crawler  
  197  11:14  Zerg Ground Armor Level 2  
  197  11:15  Pathogen Glands  
  194  11:25  Corruptor x2  
  198  11:38  Corruptor  
  195  11:53  Corruptor x7  
  186  12:01  Drone x3  
  193  12:04  Corruptor x5  
  199  12:10  Drone  
  192  12:23  Drone x3  
  192  12:27  Corruptor  
  192  12:28  Corruptor x2  
  190  13:06  Brood Lord  
  190  13:07  Brood Lord  
  190  13:08  Brood Lord x2  
  198  13:13  Spore Crawler, Brood Lord  
  198  13:17  Brood Lord  
  199  13:23  Overseer x2  
  199  13:29  Hydralisk Den  
  199  13:31  Ravager  
  199  13:44  Spire  
  152  14:04  Lurker Den  
Show
View Real Time Build Order
Export as new Build Order

MarineLorD Terran 

Build Orders: Reaper Expand, Mech 

Get SALT Encoding   

  12  0:00  SCV  
  13  0:12  SCV  
  14  0:17  Supply Depot  
  14  0:24  SCV  
  15  0:38  SCV  
  15  0:40  Barracks  
  16  0:43  Refinery  
  16  0:50  SCV  
  17  1:02  SCV  
  18  1:14  SCV  
  19  1:27  Orbital Command, Reaper  
  20  1:39  Command Center  
  20  1:50  Supply Depot  
  20  1:53  SCV  
  21  1:58  Marine  
  22  2:05  SCV  
  23  2:13  Factory  
  23  2:17  SCV  
  23  2:20  Barracks Reactor  
  24  2:29  SCV  
  25  2:31  Refinery  
  25  2:41  SCV  
  26  2:53  SCV  
  26  2:54  Orbital Command  
  27  3:00  Starport  
  27  3:04  Hellion x2  
  31  3:05  SCV  
  32  3:15  Marine  
  32  3:18  SCV  
  32  3:19  SCV  
  35  3:25  Supply Depot  
  35  3:28  Hellion x2  
  35  3:30  SCV  
  35  3:31  SCV  
  35  3:34  Marine  
  42  3:40  Starport Tech Lab, Fusion Core  
  42  3:42  SCV  
  42  3:43  SCV  
  44  3:49  Hellion  
  44  3:54  Supply Depot, SCV  
  47  3:56  Marine  
  47  3:59  SCV  
  49  4:06  SCV  
  50  4:16  SCV  
  51  4:18  Command Center  
  51  4:24  SCV  
  51  4:28  SCV  
  51  4:30  Battlecruiser  
  59  4:39  Supply Depot  
  59  4:40  Supply Depot, SCV  
  59  4:41  SCV  
  61  4:47  Refinery  
  61  4:48  Refinery  
  61  4:53  SCV  
  62  5:01  Hellion x2, SCV  
  62  5:02  Supply Depot  
  62  5:05  SCV  
  68  5:12  Factory  
  68  5:13  Factory, SCV  
  69  5:17  SCV  
  70  5:25  SCV  
  71  5:29  SCV  
  71  5:30  Supply Depot  
  71  5:34  Hellion x2  
  77  5:37  SCV  
  77  5:38  Orbital Command  
  77  5:41  SCV  
  76  5:49  SCV  
  77  5:53  SCV  
  77  5:55  Hellion x2  
  82  5:59  Battlecruiser  
  88  6:04  Refinery  
  88  6:05  SCV  
  88  6:08  SCV  
  88  6:11  SCV  
  91  6:13  Refinery  
  91  6:15  Factory Tech Lab  
  91  6:17  Weapon Refit, Factory Tech Lab  
  91  6:18  SCV  
  92  6:20  SCV  
  92  6:23  SCV  
  94  6:28  Supply Depot  
  94  6:30  Supply Depot, SCV  
  95  6:33  SCV  
  95  6:35  SCV  
  95  6:42  SCV  
  95  6:47  SCV x2  
  95  6:50  Armory  
  95  6:51  Siege Tank x2  
  95  6:52  Hellion x2, Armory  
  106  6:54  SCV  
  106  6:59  SCV x2  
  109  7:05  Supply Depot  
  109  7:06  Supply Depot  
  105  7:09  Factory  
  105  7:12  Factory  
  105  7:14  SCV x2  
  111  7:23  Siege Tank x2  
  111  7:29  Supply Depot  
  117  7:31  Hellion x2  
  117  7:33  Battlecruiser  
  121  7:37  Command Center  
  121  7:41  Supply Depot x2  
  121  7:42  Engineering Bay  
  121  7:49  Infernal Pre-Igniter  
  121  7:51  Terran Vehicle And Ship Armor Level 1, Terran Vehicle Weapons Level 1  
  121  7:55  Factory Tech Lab  
  121  7:56  Hellion x2, Factory Reactor  
  125  8:10  Siege Tank x2  
  130  8:21  Siege Tank  
  130  8:23  Hellion x2  
  129  8:39  Command Center  
  129  8:40  Hellion x2  
  133  8:42  Siege Tank  
  133  8:43  Hellion, Missile Turret  
  133  8:48  Factory  
  138  8:49  Factory x2  
  138  8:53  Siege Tank  
  141  9:02  Missile Turret  
  141  9:04  Starport Reactor  
  141  9:05  Thor  
  141  9:07  Hellion x4  
  155  9:13  Planetary Fortress  
  153  9:32  Refinery x2, Missile Turret  
  153  9:36  Factory Tech Lab x2, Factory Reactor, Missile Turret  
  147  9:45  Missile Turret  
  147  9:48  Thor x2  
  147  9:49  Missile Turret  
  159  9:54  Orbital Command  
  160  10:00  SCV x2  
  160  10:01  SCV  
  162  10:07  Siege Tank x2  
  162  10:08  Siege Tank  
  162  10:10  Hellion x3, SCV  
  162  10:12  SCV x2  
  172  10:17  Terran Vehicle Weapons Level 2  
  172  10:20  Terran Vehicle And Ship Armor Level 2  
  172  10:26  Command Center  
  172  10:31  Thor  
  172  10:34  Hellion x2  
  182  10:42  Command Center  
  180  11:08  Viking x2  
  184  11:19  Command Center  
  184  11:21  Command Center x2  
  184  11:22  Command Center  
  184  11:30  Thor  
  190  11:33  Thor  
  190  11:37  Thor  
  200  11:47  Thor  
  196  11:53  Thor  
  192  11:59  Viking x2  
  184  12:06  Hellion x2  
  163  12:13  Thor  
  156  12:16  Thor  
  150  12:24  Thor  
  150  12:29  Viking x2  
  150  12:34  Hellbat x2, Orbital Command  
  149  12:51  Thor  
  133  13:02  Thor x2  
  139  13:09  Orbital Command  
  134  13:19  SCV x4  
  136  13:27  Planetary Fortress  
  136  13:30  Planetary Fortress  
  136  13:31  Missile Turret, SCV x4  
  140  13:41  Refinery  
  140  13:42  Refinery  
  131  14:00  SCV  
Tags
 
Add a new tag
Caveats
  • Supply blocks, unpowered buildings, or Contaminate may cause inaccurate times.
  • Supply counts are checked every 10 seconds.